 Dungeon Crawl Stone Soup version 0.21.1-1-g345015f (webtiles) character file.

94 inc the Changer (level 4, -1/30 HPs)
             Began as an Octopode Transmuter on June 10, 2018.
             Killed by nerve-wracking pain
             ... invoked by an orc priest
              (4 damage)
             ... on level 4 of the Dungeon.
             The game lasted 00:03:03 (2225 turns).

inc the Changer (Octopode Transmuter)               Turns: 2225, Time: 00:03:04

Health: -1/30      AC:  1    Str: 11    XL:     4   Next: 63%
Magic:  7/7        EV: 13    Int: 21    God:
Gold:   89         SH:  0    Dex: 12    Spells: 1/7 levels left

rFire    . . .     SeeInvis .     - Unarmed
rCold    . . .     Gourm    .   (no shield)
rNeg     + . .     Faith    .   (helmet restricted)
rPois    .         Spirit   .   (no amulet)
rElec    .         Reflect  .   g - ring of positive energy
rCorr    .         Harm     .   (no ring)
MR       .....                  (no ring)
Stlth    ++........             (no ring)
HPRegen  0.10/turn              (no ring)
MPRegen  0.10/turn              (no ring)
                                (no ring)
                                (no ring)

@: brilliant, appendage
A: almost no armour, stealthy swim, amphibious, 8 rings, constrict 8, tentacle
spike 3, camouflage 1, robust 1, strong 1, gelatinous body 1
a: End Transformation


You were on level 4 of the Dungeon.
You were very hungry.
One of your tentacles had a temporary spike.
You visited 1 branch of the dungeon, and saw 4 of its levels.

You collected 89 gold pieces.

Inventory:

Missiles
 a - 12 arrows
Jewellery
 g - a ring of positive energy (left tentacle)
Scrolls
 d - 3 scrolls of remove curse {unknown}
 e - a scroll of random uselessness {unknown}
 f - a scroll of noise {unknown}
 h - a scroll of amnesia {unknown}
 j - 3 scrolls of identify {unknown}
 k - a scroll of magic mapping {unknown}
 l - a scroll of teleportation {unknown}
Potions
 i - a potion of mutation
Books
 b - a book of Changes

   Spells                             Type                      Level
   a - Beastly Appendage              Transmutation                1
   b - Sticks to Snakes               Transmutation                2
   c - Spider Form                    Transmutation/Poison         3
   d - Ice Form                       Ice/Transmutation            4
   e - Blade Hands                    Transmutation                5
Comestibles
 c - 6 rations


   Skills:
 - Level 1.0 Fighting
 - Level 2.0 Dodging
 - Level 3.0 Unarmed Combat
 - Level 2.0 Spellcasting
 + Level 4.7 Transmutations


You had one spell level left.
You knew the following spells:

 Your Spells              Type           Power        Failure   Level  Hunger
a - Beastly Appendage     Tmut           ####..       1%          1    #......
b - Sticks to Snakes      Tmut           ####....     1%          2    ##.....
c - Spider Form           Tmut/Pois      ###.......   2%          3    ###....


Dungeon Overview and Level Annotations

Branches:
Dungeon (4/15)
 Temple: D:4-7

Altars:
Dithmenos
Ru
Trog


Innate Abilities, Weirdness & Mutations

You cannot wear most types of armour.
You are very stealthy in the water. (Stealth+)
You are amphibious.
You can wear up to eight rings at the same time.
You can use your tentacles to constrict eight enemies at once.
Your skin changes colour to match your surroundings (Stealth+).
Your rubbery body absorbs attacks. (AC +1, EV +1)
One of your tentacles bears a large vicious spike.
You are robust. (+10% HP)
Your muscles are strong. (Str +2)


Message History

The orc priest closely misses you.
You tentacle-slap the orc priest but do no damage.
The orc priest is moderately wounded.
You constrict the orc priest.
The orc priest looks braver for a moment.
You barely miss the orc priest.
The orc priest is heavily wounded.
You constrict the orc priest.
The orc priest calls down the wrath of Beogh upon you.
Beogh smites you!
* * * LOW HITPOINT WARNING * * *
It was a potion of brilliance.
You feel clever all of a sudden.
You constrict the orc priest. The orc priest closely misses you.
You tentacle-slap the orc priest.
The orc priest is almost dead.
You constrict the orc priest, but do no damage.
The orc priest mumbles some strange prayers to Beogh against you.
Pain shoots through your body!
You die...

#.##.# #.#
..# #.##^#
#.# .##
..##.# #.#
..##.# #.#
.....# #.#
### #.# #.##
#..# ##@# #o#
#...o.ooo...#
#.......#####
....##### ...
.. .


You could see an orc priest, an orc wizard and 2 orcs.

Vanquished Creatures
  3 adders
  A worm (D:3)
  3 dart slugs
  A leopard gecko (D:1)
  2 orcs (D:3)
  9 bats
  5 giant cockroaches
  6 goblins
  6 hobgoblins
  8 kobolds
  A quokka (D:3)
  5 frilled lizards
  7 rats
57 creatures vanquished.

Notes
Turn   | Place    | Note
-------+----------+-------------------------------------------
     0 | D:1      | inc the Octopode Transmuter began the quest for the Orb.
     0 | D:1      | Reached XP level 1. HP: 13/13 MP: 3/3
    81 | D:1      | Reached XP level 2. HP: 14/18 MP: 5/5
   273 | D:1      | Reached skill level 3 in Transmutations
   552 | D:1      | Reached XP level 3. HP: 18/23 MP: 6/6
  1048 | D:2      | Gained mutation: Your muscles are strong. (Str +2) [potion of mutation]
  1048 | D:2      | Gained mutation: Your spells are a little harder to cast, but a little more powerful. [potion of mutation]
  1048 | D:2      | Lost mutation: Your spells are a little harder to cast, but a little more powerful. [potion of mutation]
  1048 | D:2      | Gained mutation: You are robust. (+10% HP) [potion of mutation]
  1051 | D:2      | Reached skill level 4 in Transmutations
  1381 | D:2      | Reached XP level 4. HP: 21/30 MP: 5/7
  1573 | D:1      | Learned a level 2 spell: Sticks to Snakes
  1577 | D:1      | Learned a level 3 spell: Spider Form
  1674 | D:3      | Found a shadowy altar of Dithmenos.
  1803 | D:3      | Found a sacrificial altar of Ru.
  1876 | D:3      | Found a bloodstained altar of Trog.
  2225 | D:4      | Killed from afar by an orc priest

Skill      XL: |  1  2  3 |
---------------+----------+-----
Transmutations | 3 4 |  4.7
Fighting       | |  1.0
Dodging        | |  2.0
Unarmed Combat | |  3.0
Spellcasting   | |  2.0

Action                   |  1- 3 |  4- 6 || total
-------------------------+-------+-------++-------
Melee: Unarmed           |    76 |    43 ||   119
       Constrict         |    17 |    13 ||    30
       Tentacles         |     9 |     9 ||    18
       Kick              |     6 |     4 ||    10
       Punch             |     1 |       ||     1
 Cast: Beastly Appendage |     6 |     7 ||    13
  Use: Potion            |     1 |     1 ||     2
 Stab: Sleeping          |     5 |     3 ||     8
  Eat: Chunk             |     1 |     2 ||     3
Armor: Skin              |     6 |     3 ||     9
Dodge: Dodged            |    57 |    38 ||    95
